[Event "5th Thessaloniki SKG Open-B 2024"]
[Site "Thessaloniki"]
[Date "2024.08.08"]
[Round "4.1"]
[White "Keramaros, Vasileios"]
[Black "Pantoglou, Dimitrios"]
[Result "1/2-1/2"]
[ECO "E08"]
[WhiteElo "1719"]
[BlackElo "1893"]
[Annotator "NA RC"]
[PlyCount "78"]
[EventDate "2024.08.05"]
[EventType "swiss"]
[EventCountry "GRE"]
[SourceTitle "playchess.com"]
[Source "ChessBase"]
[SourceQuality "1"]
[TimeControl "40/5400+30:1800+30"]

1. c4 e6 2. g3 d5 3. Bg2 Nf6 4. Nf3 Be7 5. O-O O-O 6. d4 Nbd7 7. Qc2 b6 8. b3 Bb7 9. Bb2 c5 10. Nbd2 Rc8 11. Ne5 cxd4 12. Bxd4 Qc7 13. Nxd7 Qxd7 14. Qb2 Rfd8 15. Rfd1 dxc4 16. Bxb7 c3 17. Bxc3 Qxb7 18. Nf3 Qe4 19. Rac1 h5 20. Rxd8+ Rxd8 21. Bxf6 Bxf6 22. Qc2 Qd5 23. e4 Qb5 24. Qc4 Qa5 25. Qc7 Rd3 26. Kg2 Qxa2 27. Qb8+ Rd8 28. Rc8 Rxc8 29. Qxc8+ Kh7 30. Qe8 Qe2 31. e5 Bxe5 32. Qxf7 Bf6 33. Qxh5+ Kg8 34. Qe8+ Kh7 35. g4 Qe4 36. Qh5+ Kg8 37. Qe8+ Kh7 38. Qh5+ Kg8 39. Qe8+ Kh7 1/2-1/2

[Event "5th Thessaloniki SKG Open-B 2024"]
[Site "Thessaloniki"]
[Date "2024.08.08"]
[Round "4.2"]
[White "Nakitsas, Stergios"]
[Black "Polyzos, Vasileios"]
[Result "0-1"]
[ECO "B48"]
[WhiteElo "1759"]
[BlackElo "1700"]
[Annotator "NA RC"]
[PlyCount "54"]
[EventDate "2024.08.05"]
[EventType "swiss"]
[EventCountry "GRE"]
[SourceTitle "playchess.com"]
[Source "ChessBase"]
[SourceQuality "1"]
[TimeControl "40/5400+30:1800+30"]

1. e4 c5 2. Nf3 e6 3. d4 cxd4 4. Nxd4 Nc6 5. Nc3 Qc7 6. Ndb5 Qb8 7. Be3 a6 8. Nd4 Qc7 9. Qd2 Nf6 10. f3 b5 11. O-O-O Bb7 12. Kb1 Be7 13. g4 Ne5 14. Bf4 Rc8 15. g5 Nh5 16. Bxe5 Qxe5 17. Ndxb5 O-O 18. Qxd7 Bxg5 19. Qxb7 axb5 20. Nxb5 Bf6 21. Nd4 Qc5 22. c3 Bxd4 23. Rxd4 Rb8 24. Qd7 Qxc3 25. Rd2 Nf4 26. Qd4 Rxb2+ 27. Ka1 Qc1# 0-1

[Event "5th Thessaloniki SKG Open-B 2024"]
[Site "Thessaloniki"]
[Date "2024.08.08"]
[Round "4.3"]
[White "Petkakis, Odysseas"]
[Black "Chalkias, Michail Panagiotis"]
[Result "0-1"]
[ECO "E61"]
[WhiteElo "1701"]
[BlackElo "1772"]
[Annotator "NA RC"]
[PlyCount "74"]
[EventDate "2024.08.05"]
[EventType "swiss"]
[EventCountry "GRE"]
[SourceTitle "playchess.com"]
[Source "ChessBase"]
[SourceQuality "1"]
[TimeControl "40/5400+30:1800+30"]

1. d4 Nf6 2. c4 g6 3. Nc3 Bg7 4. Nf3 O-O 5. Bf4 d6 6. h3 Nbd7 7. e3 c6 8. Be2 Re8 9. O-O Qb6 10. Qb3 Qa5 11. Rad1 e5 12. dxe5 dxe5 13. Bg3 Nc5 14. Qc2 Bf5 15. Qc1 e4 16. Nd4 Be6 17. Nxe6 Nxe6 18. Qc2 Nf8 19. a3 h5 20. Bd6 Qf5 21. f3 Qg5 22. Bf4 Qh4 23. Kh2 exf3 24. g3 Ng4+ 25. Kg1 Qxh3 26. Bxf3 Nxe3 27. Qf2 Nxf1 28. Rxf1 Rad8 29. Bg2 Qf5 30. Kh2 Ne6 31. Bh3 Qf6 32. Qxa7 Nxf4 33. Rxf4 Qe7 34. Qf2 Bxc3 35. bxc3 Qe2 36. Rxf7 Rd2 37. Kg1 Qd1+ 0-1

[Event "5th Thessaloniki SKG Open-B 2024"]
[Site "Thessaloniki"]
[Date "2024.08.08"]
[Round "4.4"]
[White "Naci, Igli"]
[Black "Ropokis, Christos"]
[Result "1-0"]
[ECO "B46"]
[WhiteElo "1800"]
[BlackElo "1735"]
[Annotator "NA RC"]
[PlyCount "135"]
[EventDate "2024.08.05"]
[EventType "swiss"]
[EventCountry "GRE"]
[SourceTitle "playchess.com"]
[Source "ChessBase"]
[SourceQuality "1"]
[TimeControl "40/5400+30:1800+30"]

1. e4 c5 2. Nf3 Nc6 3. d4 cxd4 4. Nxd4 e6 5. Nc3 a6 6. a3 d5 7. exd5 exd5 8. Be2 Nf6 9. O-O Be7 10. Re1 O-O 11. Be3 Qc7 12. Bf3 Rd8 13. Qd2 Ne5 14. Bf4 Nxf3+ 15. Nxf3 Bd6 16. Bg5 Be6 17. Bxf6 gxf6 18. Qh6 Bf8 19. Qxf6 Bg7 20. Qh4 Qc4 21. Qg3 Qg4 22. Ng5 Qxg3 23. hxg3 Re8 24. Nxe6 fxe6 25. Nd1 e5 26. c3 d4 27. Re4 Rac8 28. Rc1 Bh6 29. Rb1 Bg7 30. Kf1 b5 31. Ke2 a5 32. cxd4 exd4 33. Rxe8+ Rxe8+ 34. Kd2 Rc8 35. Rc1 Rxc1 36. Kxc1 Kf7 37. Kd2 Ke6 38. Kd3 a4 39. f3 Kd5 40. Nf2 Bf8 41. Ne4 h6 42. f4 b4 43. axb4 Bxb4 44. g4 Bf8 45. g5 hxg5 46. Nxg5 a3 47. bxa3 Bxa3 48. Nf3 Bc1 49. Nd2 Ba3 50. Nb3 Bd6 51. g3 Be7 52. Nxd4 Bf6 53. Ne2 Ke6 54. Ke4 Be7 55. g4 Kf6 56. Nd4 Kg6 57. Nf3 Kf6 58. g5+ Kg6 59. Ke5 Bd8 60. Ke6 Kg7 61. f5 Kf8 62. f6 Ba5 63. Ne5 Bb4 64. Nd7+ Kg8 65. f7+ Kg7 66. f8=Q+ Bxf8 67. Nxf8 Kxf8 68. Kf6 1-0

[Event "5th Thessaloniki SKG Open-B 2024"]
[Site "Thessaloniki"]
[Date "2024.08.08"]
[Round "4.5"]
[White "Balafoutas, Alexandros"]
[Black "Seretis, Nikolaos G"]
[Result "0-1"]
[ECO "C00"]
[WhiteElo "1764"]
[BlackElo "1675"]
[Annotator "NA RC"]
[PlyCount "102"]
[EventDate "2024.08.05"]
[EventType "swiss"]
[EventCountry "GRE"]
[SourceTitle "playchess.com"]
[Source "ChessBase"]
[SourceQuality "1"]
[TimeControl "40/5400+30:1800+30"]

1. e4 c5 2. Nf3 e6 3. d3 Nc6 4. g3 Nf6 5. Bg2 d5 6. Qe2 Be7 7. O-O O-O 8. e5 Nd7 9. c4 d4 10. h4 h6 11. Re1 Re8 12. Nbd2 Qc7 13. Nf1 a6 14. Bf4 b5 15. b3 Bb7 16. N1h2 bxc4 17. bxc4 Nb6 18. a4 a5 19. Ng4 Nd7 20. Nd2 Nb4 21. Ne4 Bxe4 22. Bxe4 Rab8 23. Nxh6+ gxh6 24. Qg4+ Kh8 25. Bxh6 Bf8 26. Qh5 Bg7 27. Bxg7+ Kxg7 28. Qh7+ Kf8 29. Qh6+ Ke7 30. Qg5+ f6 31. Qg7+ Kd8 32. exf6 Nc2 33. f7 Rf8 34. Bg6 Qd6 35. h5 Nxa1 36. Rxa1 Kc7 37. h6 Ne5 38. Bh5 Nd7 39. Re1 e5 40. g4 Qf6 41. g5 Qf4 42. h7 Qh4 43. Be2 e4 44. dxe4 Qxe4 45. Qg8 Qh4 46. Kg2 Rb3 47. Bf3 Rb2 48. Rf1 Ne5 49. Qg7 Nxf3 50. Kxf3 Rb3+ 51. Ke2 Qe4+ 0-1

[Event "5th Thessaloniki SKG Open-B 2024"]
[Site "Thessaloniki"]
[Date "2024.08.08"]
[Round "4.6"]
[White "Triantaphylidis, Alexandros I"]
[Black "Pastras, Ioannis"]
[Result "1-0"]
[ECO "D55"]
[WhiteElo "1745"]
[BlackElo "1725"]
[Annotator "NA RC"]
[PlyCount "71"]
[EventDate "2024.08.05"]
[EventType "swiss"]
[EventCountry "GRE"]
[SourceTitle "playchess.com"]
[Source "ChessBase"]
[SourceQuality "1"]
[TimeControl "40/5400+30:1800+30"]

1. d4 Nf6 2. c4 e6 3. Nc3 d5 4. cxd5 exd5 5. Bg5 Be7 6. e3 O-O 7. Bd3 h6 8. Bh4 b6 9. Nf3 Bb7 10. O-O Nbd7 11. Qc2 Re8 12. Bf5 c5 13. Rad1 c4 14. Ne5 a6 15. a4 Qc7 16. Bxf6 Nxf6 17. b3 Rad8 18. bxc4 dxc4 19. Qe2 Bc8 20. Bb1 Be6 21. f4 Bd6 22. Qc2 Bb4 23. d5 Bc8 24. Nc6 Bxc3 25. Nxd8 Rxd8 26. Qxc3 Nxd5 27. Qd4 Rd7 28. Qe4 g6 29. Rxd5 Rxd5 30. Qxd5 Bb7 31. Qe5 Qc6 32. e4 b5 33. axb5 axb5 34. Rd1 Qb6+ 35. Qd4 Qc6 36. Qd6 1-0

[Event "5th Thessaloniki SKG Open-B 2024"]
[Site "Thessaloniki"]
[Date "2024.08.08"]
[Round "4.7"]
[White "Avanesyan, Aleksandr"]
[Black "Zlotogorski, Itay"]
[Result "1-0"]
[ECO "B12"]
[WhiteElo "1700"]
[BlackElo "1822"]
[Annotator "NA RC"]
[PlyCount "65"]
[EventDate "2024.08.05"]
[EventType "swiss"]
[EventCountry "GRE"]
[SourceTitle "playchess.com"]
[Source "ChessBase"]
[SourceQuality "1"]
[TimeControl "40/5400+30:1800+30"]

1. e4 c6 2. d4 d5 3. e5 Bf5 4. h4 h5 5. Bd3 Bxd3 6. Qxd3 e6 7. Nf3 Be7 8. Bg5 Nd7 9. O-O Qb6 10. Nbd2 O-O-O 11. c4 f6 12. Bf4 Nh6 13. exf6 Bxf6 14. c5 Qb5 15. Qc3 a5 16. a4 Qb4 17. Qxb4 axb4 18. Nb3 Ng4 19. Bd6 e5 20. a5 e4 21. Ng5 Bxg5 22. hxg5 Nb8 23. Bxb8 Kxb8 24. a6 Rhf8 25. Na5 Kc7 26. Nxb7 Ra8 27. Nd6 e3 28. f3 Nf2 29. Rfe1 Nd3 30. Rxe3 Nxb2 31. Re7+ Kd8 32. Rb7 Nc4 33. a7 1-0

[Event "5th Thessaloniki SKG Open-B 2024"]
[Site "Thessaloniki"]
[Date "2024.08.09"]
[Round "5.1"]
[White "Polyzos, Vasileios"]
[Black "Naci, Igli"]
[Result "1/2-1/2"]
[ECO "C10"]
[WhiteElo "1700"]
[BlackElo "1800"]
[Annotator "NA RC"]
[PlyCount "90"]
[EventDate "2024.08.05"]
[EventType "swiss"]
[EventCountry "GRE"]
[SourceTitle "playchess.com"]
[Source "ChessBase"]
[SourceQuality "1"]
[TimeControl "40/5400+30:1800+30"]

1. e4 e6 2. d4 d5 3. Nc3 dxe4 4. Nxe4 Nd7 5. Nf3 Ngf6 6. Nxf6+ Nxf6 7. Bd3 c5 8. c3 Be7 9. O-O O-O 10. h3 Qc7 11. Ne5 b6 12. Bf4 Qb7 13. Qe2 a6 14. Ng4 Nd5 15. Bh2 cxd4 16. c4 Nb4 17. Be4 Nc6 18. Ne5 Bd7 19. f4 f5 20. Bf3 Bc5 21. Kh1 Rae8 22. a3 a5 23. Bg1 Qc7 24. Rfd1 Nxe5 25. Qxe5 Qxe5 26. fxe5 Ba4 27. Rd3 Bc2 28. Rd2 d3 29. Bd1 Rd8 30. Rc1 Kf7 31. Bxc2 dxc2 32. Rcxc2 Ke7 33. Bxc5+ bxc5 34. Kg1 Rxd2 35. Rxd2 Rd8 36. Rxd8 Kxd8 37. h4 Ke7 38. Kf2 g6 39. Kf3 h6 40. Kf4 Kf7 41. b3 Ke7 42. a4 Kf7 43. g3 Kg7 44. Kf3 Kf7 45. Ke3 Ke8 1/2-1/2

[Event "5th Thessaloniki SKG Open-B 2024"]
[Site "Thessaloniki"]
[Date "2024.08.09"]
[Round "5.2"]
[White "Pantoglou, Dimitrios"]
[Black "Avanesyan, Aleksandr"]
[Result "0-1"]
[ECO "D43"]
[WhiteElo "1893"]
[BlackElo "1700"]
[Annotator "NA RC"]
[PlyCount "178"]
[EventDate "2024.08.05"]
[EventType "swiss"]
[EventCountry "GRE"]
[SourceTitle "playchess.com"]
[Source "ChessBase"]
[SourceQuality "1"]
[TimeControl "40/5400+30:1800+30"]

1. d4 d5 2. c4 c6 3. Nc3 Nf6 4. Nf3 e6 5. Bg5 h6 6. Bh4 dxc4 7. e4 g5 8. Bg3 b5 9. Be2 Nbd7 10. d5 exd5 11. exd5 b4 12. dxc6 bxc3 13. cxd7+ Qxd7 14. Qc2 Bg7 15. Qxc3 O-O 16. Rd1 Ne4 17. Qxc4 Qe6 18. b3 Nxg3 19. hxg3 Re8 20. O-O g4 21. Qxe6 Bxe6 22. Bb5 Reb8 23. Bc6 gxf3 24. gxf3 a5 25. Bxa8 Rxa8 26. Rd2 a4 27. Rfd1 axb3 28. Rd8+ Rxd8 29. Rxd8+ Kh7 30. axb3 Bxb3 31. f4 Be6 32. f3 Bf6 33. Rd1 h5 34. Kf2 Kg6 35. Ke3 Be7 36. Ke4 Bc5 37. Rd2 Bb4 38. Rd8 Bc3 39. Rg8+ Bg7 40. Rb8 Bf5+ 41. Ke3 Bc3 42. Rb5 Bf6 43. Rd5 Be6 44. Rd2 Bc3 45. Rc2 Bf6 46. Rg2 Bd5 47. Rg1 Be7 48. Rf1 Be6 49. Ke4 Bf5+ 50. Ke5 Bf6+ 51. Kd6 Be6 52. Rg1 Kf5 53. Rg2 h4 54. gxh4 Bxh4 55. Rg4 Be1 56. Ke7 Bb4+ 57. Ke8 Bd2 58. Ke7 Bb4+ 59. Ke8 Bd6 60. Rg7 f6 61. Rg4 Bxf4 62. Ke7 Bd2 63. Kd6 Bc1 64. Ra4 Bb2 65. Ke7 Bc3 66. Rh4 Bb3 67. Re4 Bd5 68. Ra4 Bxf3 69. Kd6 Be5+ 70. Kc5 Be4 71. Kc4 Kf4 72. Ra2 f5 73. Rd2 Ke3 74. Rd8 f4 75. Rf8 f3 76. Rxf3+ Kxf3 77. Kc5 Ke3 78. Kc4 Bd4 79. Kb4 Bd5 80. Kb5 Kd3 81. Kb4 Bc4 82. Ka4 Kc3 83. Ka5 Bc5 84. Ka4 Bb6 85. Ka3 Bb5 86. Ka2 Kc2 87. Ka1 Bc5 88. Ka2 Bc4+ 89. Ka1 Bd4# 0-1

[Event "5th Thessaloniki SKG Open-B 2024"]
[Site "Thessaloniki"]
[Date "2024.08.09"]
[Round "5.3"]
[White "Chalkias, Michail Panagiotis"]
[Black "Triantaphylidis, Alexandros I"]
[Result "0-1"]
[ECO "D31"]
[WhiteElo "1772"]
[BlackElo "1745"]
[Annotator "NA RC"]
[PlyCount "38"]
[EventDate "2024.08.05"]
[EventType "swiss"]
[EventCountry "GRE"]
[SourceTitle "playchess.com"]
[Source "ChessBase"]
[SourceQuality "1"]
[TimeControl "40/5400+30:1800+30"]

1. d4 d5 2. c4 e6 3. Nc3 a6 4. cxd5 exd5 5. Nf3 h6 6. Bf4 Nf6 7. h3 Bd6 8. Be5 c6 9. e3 Bxe5 10. dxe5 Ne4 11. Qd4 Nxc3 12. Qxc3 O-O 13. Bd3 Qe7 14. O-O c5 15. Rad1 Be6 16. Bb1 Nc6 17. Nh2 d4 18. exd4 Nxd4 19. Nf3 Ne2+ 0-1

[Event "5th Thessaloniki SKG Open-B 2024"]
[Site "Thessaloniki"]
[Date "2024.08.09"]
[Round "5.4"]
[White "Seretis, Nikolaos G"]
[Black "Keramaros, Vasileios"]
[Result "1-0"]
[ECO "C54"]
[WhiteElo "1675"]
[BlackElo "1719"]
[Annotator "NA RC"]
[PlyCount "49"]
[EventDate "2024.08.05"]
[EventType "swiss"]
[EventCountry "GRE"]
[SourceTitle "playchess.com"]
[Source "ChessBase"]
[SourceQuality "1"]
[TimeControl "40/5400+30:1800+30"]

1. e4 e5 2. Nf3 Nc6 3. Bc4 Bc5 4. O-O Nf6 5. d3 h6 6. c3 d6 7. Nbd2 O-O 8. Bb3 Be6 9. Bc2 a6 10. h3 Ba7 11. Re1 Qd7 12. Nf1 Nh7 13. Ng3 f5 14. exf5 Bxf5 15. Nxf5 Qxf5 16. d4 Qf6 17. Qd3 Ng5 18. Nxg5 hxg5 19. Qh7+ Kf7 20. Qh5+ g6 21. Qh7+ Ke6 22. d5+ Kxd5 23. Bb3+ Kc5 24. Be3+ Nd4 25. Qxc7+ 1-0

[Event "5th Thessaloniki SKG Open-B 2024"]
[Site "Thessaloniki"]
[Date "2024.08.09"]
[Round "5.5"]
[White "Bulut, Kemal"]
[Black "Vakalopoulos, Hristos"]
[Result "1/2-1/2"]
[ECO "B33"]
[WhiteElo "1664"]
[BlackElo "1866"]
[Annotator "NA RC"]
[PlyCount "53"]
[EventDate "2024.08.05"]
[EventType "swiss"]
[EventCountry "GRE"]
[SourceTitle "playchess.com"]
[Source "ChessBase"]
[SourceQuality "1"]
[TimeControl "40/5400+30:1800+30"]

1. e4 c5 2. Nf3 e6 3. d4 cxd4 4. Nxd4 Nf6 5. Nc3 Nc6 6. Ndb5 d6 7. Bf4 e5 8. Bg5 a6 9. Na3 b5 10. Nd5 Be7 11. Bxf6 Bxf6 12. c3 Bg5 13. Nc2 Be6 14. a4 Rb8 15. axb5 axb5 16. Be2 O-O 17. O-O Bxd5 18. exd5 Ne7 19. Nb4 Qb6 20. Ra6 Qc5 21. Qb3 Ra8 22. Rfa1 Rxa6 23. Nxa6 Qxd5 24. Qxd5 Nxd5 25. Rd1 Nf4 26. Bxb5 Be7 27. Nb4 1/2-1/2

[Event "5th Thessaloniki SKG Open-B 2024"]
[Site "Thessaloniki"]
[Date "2024.08.09"]
[Round "5.6"]
[White "Gkogkolas, Georgios"]
[Black "Nakitsas, Stergios"]
[Result "1/2-1/2"]
[ECO "C06"]
[WhiteElo "1690"]
[BlackElo "1759"]
[Annotator "NA RC"]
[PlyCount "87"]
[EventDate "2024.08.05"]
[EventType "swiss"]
[EventCountry "GRE"]
[SourceTitle "playchess.com"]
[Source "ChessBase"]
[SourceQuality "1"]
[TimeControl "40/5400+30:1800+30"]

1. e4 e6 2. d4 d5 3. Nd2 Nf6 4. e5 Nfd7 5. c3 c5 6. Bd3 Nc6 7. Ngf3 Qb6 8. O-O cxd4 9. cxd4 Nxd4 10. Nxd4 Qxd4 11. Nf3 Qb6 12. Qc2 Qc6 13. Bxh7 a6 14. Be3 Qxc2 15. Bxc2 Rh5 16. Bd4 Bc5 17. Bxc5 Nxc5 18. Rfe1 Bd7 19. Nd4 Rh4 20. Rad1 Rc8 21. g3 Rh8 22. Rc1 Ke7 23. Kg2 Na4 24. b3 Nc3 25. Bb1 Nb5 26. Ne2 Na7 27. Bd3 Bb5 28. Bxb5 Nxb5 29. a4 Na7 30. Nd4 Nc6 31. Nxc6+ Rxc6 32. Rxc6 bxc6 33. Rc1 Kd7 34. Rc3 Rh5 35. f4 Rh8 36. h4 Rb8 37. g4 Rb4 38. Kf3 c5 39. h5 c4 40. bxc4 dxc4 41. Ke4 Rxa4 42. Kd4 Ra1 43. Rxc4 Rg1 44. Ke4 1/2-1/2

[Event "5th Thessaloniki SKG Open-B 2024"]
[Site "Thessaloniki"]
[Date "2024.08.09"]
[Round "5.7"]
[White "Zaganas, Konstantinos"]
[Black "Ioannidis, Konstantinos I"]
[Result "0-1"]
[ECO "E90"]
[WhiteElo "1747"]
[BlackElo "1683"]
[Annotator "NA RC"]
[PlyCount "98"]
[EventDate "2024.08.05"]
[EventType "swiss"]
[EventCountry "GRE"]
[SourceTitle "playchess.com"]
[Source "ChessBase"]
[SourceQuality "1"]
[TimeControl "40/5400+30:1800+30"]

1. Nf3 Nf6 2. d4 g6 3. c4 Bg7 4. Nc3 O-O 5. e4 d6 6. Be3 e5 7. d5 a5 8. a4 Na6 9. h3 Nc5 10. Bd3 Nfd7 11. Bc2 f5 12. exf5 gxf5 13. Bd2 h6 14. Qe2 e4 15. Nh2 Ne5 16. O-O-O Ned3+ 17. Kb1 Nb4 18. Bf4 Nxc2 19. Qxc2 Nd3 20. Rxd3 exd3 21. Qxd3 Bd7 22. b3 Qf6 23. Bd2 Rae8 24. Nf3 f4 25. Ka2 Qf5 26. Qxf5 Bxf5 27. Rf1 Bd3 28. Rc1 b6 29. Ka3 Be2 30. Nb5 Bxf3 31. gxf3 Re2 32. Bc3 Bxc3 33. Rxc3 Rf7 34. Nd4 Rxf2 35. Rc1 Re7 36. Ne6 Rxf3 37. h4 Kf7 38. Rg1 Rg3 39. Rf1 f3 40. Kb2 Rxe6 41. dxe6+ Kxe6 42. Kc2 Ke5 43. Kd2 Kf4 44. h5 Rg2+ 45. Kd3 Re2 46. Rg1 f2 47. Rg7 Re3+ 48. Kd2 Rf3 49. Rf7+ Kg3 0-1

[Event "5th Thessaloniki SKG Open-B 2024"]
[Site "Thessaloniki"]
[Date "2024.08.10"]
[Round "6.1"]
[White "Triantaphylidis, Alexandros I"]
[Black "Polyzos, Vasileios"]
[Result "0-1"]
[ECO "A67"]
[WhiteElo "1745"]
[BlackElo "1700"]
[Annotator "NA RC"]
[PlyCount "68"]
[EventDate "2024.08.05"]
[EventType "swiss"]
[EventCountry "GRE"]
[SourceTitle "playchess.com"]
[Source "ChessBase"]
[SourceQuality "1"]
[TimeControl "40/5400+30:1800+30"]

1. d4 Nf6 2. c4 c5 3. d5 e6 4. Nc3 exd5 5. cxd5 d6 6. e4 g6 7. f4 Bg7 8. Bb5+ Nfd7 9. Be2 Qh4+ 10. g3 Qd8 11. Nf3 O-O 12. O-O Re8 13. Qc2 Na6 14. a3 Nc7 15. f5 Ne5 16. Nxe5 Bxe5 17. Bf4 gxf5 18. Rad1 Bd4+ 19. Kg2 fxe4 20. Nxe4 Nxd5 21. Bh5 Be6 22. Ng5 Nf6 23. Bxf7+ Bxf7 24. Nxf7 Kxf7 25. Bg5 Kg8 26. Rxd4 cxd4 27. Rxf6 Qd7 28. Bh6 Qc6+ 29. Qxc6 bxc6 30. Rxd6 c5 31. Kf3 Rad8 32. Rxd8 Rxd8 33. Ke2 Rb8 34. Bc1 Rb3 0-1

[Event "5th Thessaloniki SKG Open-B 2024"]
[Site "Thessaloniki"]
[Date "2024.08.10"]
[Round "6.2"]
[White "Avanesyan, Aleksandr"]
[Black "Seretis, Nikolaos G"]
[Result "1/2-1/2"]
[ECO "B20"]
[WhiteElo "1700"]
[BlackElo "1675"]
[Annotator "NA"]
[PlyCount "100"]
[EventDate "2024.08.05"]
[EventType "swiss"]
[EventCountry "GRE"]
[SourceTitle "playchess.com"]
[Source "ChessBase"]
[SourceQuality "1"]
[TimeControl "40/5400+30:1800+30"]

1. e4 c5 2. c4 e5 3. Nc3 Nc6 4. g3 Nf6 5. Bg2 Be7 6. d3 h6 7. Nge2 O-O 8. O-O d6 9. h3 Nh7 10. Nd5 f5 11. f4 fxe4 12. dxe4 Nf6 13. Nxe7+ Qxe7 14. f5 Nd4 15. Nc3 b6 16. g4 Nh7 17. Be3 Bb7 18. Rc1 Bc6 19. Qe1 Kf7 20. Qg3 Ke8 21. h4 Kd7 22. Bh3 Kc7 23. Bxd4 exd4 24. Nd5+ Bxd5 25. exd5 Qe5 26. Qf2 Nf6 27. Rce1 Ne4 28. Rxe4 Qxe4 29. Re1 Qd3 30. Bf1 Qe3 31. Rxe3 dxe3 32. Qxe3 Rae8 33. Qa3 Kb7 34. Qa4 Re4 35. Qd7+ Ka6 36. Qxg7 Rfe8 37. f6 Rf4 38. f7 Re1 39. Kg2 Rexf1 40. Qc3 Rxf7 41. Qe3 R1f4 42. Kg3 R4f6 43. h5 Kb7 44. Kh4 Rf4 45. Kg3 R4f6 46. a3 a5 47. Kh4 Rf4 48. Kg3 R4f6 49. Kh4 Rf4 50. Kg3 R4f6 1/2-1/2

[Event "5th Thessaloniki SKG Open-B 2024"]
[Site "Thessaloniki"]
[Date "2024.08.10"]
[Round "6.3"]
[White "Naci, Igli"]
[Black "Ioannidis, Konstantinos I"]
[Result "0-1"]
[ECO "B22"]
[WhiteElo "1800"]
[BlackElo "1683"]
[Annotator "NA RC"]
[PlyCount "146"]
[EventDate "2024.08.05"]
[EventType "swiss"]
[EventCountry "GRE"]
[SourceTitle "playchess.com"]
[Source "ChessBase"]
[SourceQuality "1"]
[TimeControl "40/5400+30:1800+30"]

1. e4 c5 2. Nf3 e6 3. c3 Nf6 4. e5 Nd5 5. d4 cxd4 6. cxd4 d6 7. a3 Nc6 8. Bd3 dxe5 9. dxe5 Bd7 10. O-O Be7 11. Qe2 O-O 12. Qe4 f5 13. exf6 Nxf6 14. Qe2 Nd5 15. Nc3 Nxc3 16. bxc3 Bf6 17. Rb1 b6 18. Rd1 Qe7 19. Bf4 e5 20. Qe4 g6 21. Bh6 Rfc8 22. Bb5 Bf5 23. Qd5+ Qe6 24. Qxe6+ Bxe6 25. Rd6 Nd8 26. Ng5 Bxg5 27. Bxg5 Bf5 28. Bd7 Nf7 29. Bxc8 Rxc8 30. Rbd1 Nxd6 31. Rxd6 Rxc3 32. Bh6 Rxa3 33. f3 Kf7 34. Rc6 Rd3 35. Rc7+ Rd7 36. Rc6 Be6 37. Kf2 Rb7 38. Be3 Bd7 39. Rc1 b5 40. Ra1 b4 41. Bc1 Rc7 42. Ke3 a5 43. Bb2 Rc5 44. Rd1 Ke6 45. f4 exf4+ 46. Kxf4 Rc2 47. Re1+ Kd5 48. Bg7 Bf5 49. Re5+ Kc4 50. g4 Bd3 51. Rxa5 b3 52. Ra7 Rxh2 53. Rb7 h5 54. gxh5 gxh5 55. Kg3 Rh1 56. Bf6 Rf1 57. Bg7 Rf5 58. Kh4 Be2 59. Re7 Bg4 60. Re4+ Kd3 61. Rb4 Bd1 62. Rb7 Rf4+ 63. Kg3 Rg4+ 64. Kh3 Rxg7 65. Rxg7 b2 66. Rb7 Kc2 67. Rc7+ Kb3 68. Rb7+ Ka3 69. Rxb2 Kxb2 70. Kh4 Kc3 71. Kh3 Kd4 72. Kg3 Ke4 73. Kh3 Bg4+ 0-1

[Event "5th Thessaloniki SKG Open-B 2024"]
[Site "Thessaloniki"]
[Date "2024.08.10"]
[Round "6.4"]
[White "Danis, Hrisovalantis"]
[Black "Gunes, Eylul"]
[Result "1/2-1/2"]
[ECO "D36"]
[WhiteElo "1983"]
[BlackElo "1695"]
[Annotator "RC"]
[PlyCount "126"]
[EventDate "2024.08.05"]
[EventType "swiss"]
[EventCountry "GRE"]
[SourceTitle "playchess.com"]
[Source "ChessBase"]
[SourceQuality "1"]
[TimeControl "40/5400+30:1800+30"]

1. d4 d5 2. c4 e6 3. Nc3 Nf6 4. cxd5 exd5 5. Bg5 Be7 6. e3 O-O 7. Bd3 c6 8. Qc2 Nbd7 9. Nge2 h6 10. Bh4 Re8 11. O-O Ne4 12. Bxe7 Qxe7 13. Rae1 Ndf6 14. Nd1 Bd7 15. f3 Nd6 16. Nec3 Nh5 17. Qf2 f5 18. g3 Nf6 19. Qg2 Qf7 20. b3 Qh5 21. Nf2 Re7 22. Re2 Rc8 23. Rfe1 c5 24. Ncd1 c4 25. bxc4 Nxc4 26. Bxc4 Rxc4 27. Nd3 Bb5 28. N1b2 Rc3 29. Rd2 Qe8 30. Ne5 Nd7 31. f4 Nf6 32. Nd1 Rc1 33. Rc2 Rb1 34. Rb2 Rc1 35. Rc2 Rc7 36. Rxc1 Rxc1 37. Qb2 Rc7 38. Nc3 Ba6 39. Qb3 Bc4 40. Qa3 a6 41. Qd6 Qe7 42. Qxe7 Rxe7 43. a4 Rc7 44. Rb1 Bd3 45. Nxd5 Nxd5 46. Nxd3 Nxe3 47. Re1 Nc2 48. Re8+ Kf7 49. Rd8 Ke7 50. Rd5 Rd7 51. Re5+ Kf6 52. d5 Nd4 53. Kf2 Re7 54. Ke3 Nc2+ 55. Kd2 Nd4 56. Kc3 Nf3 57. d6 Rd7 58. Rd5 Ke6 59. Kc4 Nd2+ 60. Kd4 Nb3+ 61. Kc4 Nd2+ 62. Kc5 Ne4+ 63. Kd4 Rxd6 1/2-1/2

[Event "5th Thessaloniki SKG Open-B 2024"]
[Site "Thessaloniki"]
[Date "2024.08.10"]
[Round "6.5"]
[White "Petkakis, Odysseas"]
[Black "Pantoglou, Dimitrios"]
[Result "0-1"]
[ECO "D35"]
[WhiteElo "1701"]
[BlackElo "1893"]
[Annotator "NA"]
[PlyCount "64"]
[EventDate "2024.08.05"]
[EventType "swiss"]
[EventCountry "GRE"]
[SourceTitle "playchess.com"]
[Source "ChessBase"]
[SourceQuality "1"]
[TimeControl "40/5400+30:1800+30"]

1. d4 d5 2. c4 e6 3. cxd5 exd5 4. Nc3 Nf6 5. Bg5 Nbd7 6. e3 c6 7. Bd3 Be7 8. Nf3 h6 9. Bf4 Nh5 10. Bg3 Nxg3 11. hxg3 Nf6 12. Qb1 Qb6 13. O-O O-O 14. a3 a5 15. Na4 Qc7 16. b4 axb4 17. axb4 b5 18. Nc5 Bg4 19. Nd2 Bxc5 20. dxc5 Qe5 21. Nb3 Qc3 22. Rxa8 Rxa8 23. Na5 Bd7 24. Rc1 Qe5 25. Qa1 Qh5 26. Qd4 Ng4 27. Rc2 Qh2+ 28. Kf1 Qh1+ 29. Ke2 Qxg2 30. Qf4 Re8 31. Nxc6 g5 32. Qf3 Rxe3+ 0-1

[Event "5th Thessaloniki SKG Open-B 2024"]
[Site "Thessaloniki"]
[Date "2024.08.10"]
[Round "6.6"]
[White "Vakalopoulos, Hristos"]
[Black "Yilmaz, Cagan Ata"]
[Result "1/2-1/2"]
[ECO "A25"]
[WhiteElo "1866"]
[BlackElo "1652"]
[Annotator "NA RC"]
[PlyCount "84"]
[EventDate "2024.08.05"]
[EventType "swiss"]
[EventCountry "GRE"]
[SourceTitle "playchess.com"]
[Source "ChessBase"]
[SourceQuality "1"]
[TimeControl "40/5400+30:1800+30"]

1. c4 e5 2. Nc3 f5 3. g3 Nc6 4. Bg2 Nf6 5. d3 Bb4 6. Bd2 O-O 7. Nh3 d6 8. Nd5 Bxd2+ 9. Qxd2 Nxd5 10. cxd5 Ne7 11. d4 Ng6 12. f4 e4 13. Qc3 Bd7 14. Rc1 Rc8 15. Qb3 b6 16. O-O h6 17. Rc3 Ne7 18. Nf2 Be8 19. Nd1 Bf7 20. Ne3 c6 21. Qa3 Nxd5 22. Nxf5 Nxc3 23. bxc3 c5 24. Bxe4 d5 25. Bd3 Be6 26. Nh4 Bh3 27. Rb1 Qe7 28. Qc1 Qc7 29. Qe3 cxd4 30. cxd4 Rfe8 31. Qf3 Qd7 32. Ng6 Bg4 33. Qg2 Qe6 34. Ne5 Bh5 35. Kf2 Rc3 36. g4 Bf7 37. h4 Qf6 38. Kg3 Rd8 39. h5 Rdc8 40. Rf1 Rc1 41. Qh1 Rxf1 42. Qxf1 Rc7 1/2-1/2